 Dungeon Crawl Stone Soup version 0.30.1-3-gfc49f6343a (webtiles) character file.

Game seed: 17668444204400719395

2914 cheesebisquit the Grappler (level 9, -4/133 HPs)
             Began as a Troll Fighter on July 21, 2023.
             Was a Believer of Wu Jian.
             Slain by a wyvern (8 damage)
             ... on level 7 of the Dungeon.
             The game lasted 00:20:09 (5538 turns).

cheesebisquit the Grappler (Troll Fighter)          Turns: 5538, Time: 00:20:10

Health: -4/133     AC:  4    Str: 26    XL:     9   Next: 50%
Magic:  8/8        EV:  9    Int:  8    God:    Wu Jian [**....]
Gold:   316        SH:  9    Dex:  9    Spells: 8/8 levels left

rFire   . .          .
                       - Unarmed
rCold   . . .        b - +0 kite shield
rNeg    + . .        A - +0 robe {rN+}
rPois   .            (helmet restricted)
rElec   .            (no cloak)
rCorr   .            (gloves unavailable)
SInv    .            (boots unavailable)
Will    .....        d - amulet of regeneration Stlth
                     (no ring)
HPRegen 2.02/turn    (no ring)
MPRegen 0.11/turn

%: no passive effects
@: berserking (expiring), lethally poisoned (-4 -> -5), very quick
A: large, unfitting armour, claws 3, regeneration 1, shaggy fur 1, tough skin 1
a: Renounce Religion, Wall Jump


You were on level 7 of the Dungeon.
You worshipped Wu Jian.
Wu Jian was pleased with you.
You visited 2 branches of the dungeon, and saw 8 of its levels.
You also visited: Sewer.

You collected 316 gold pieces.

Inventory:

Missiles
 c - 5 boomerangs
 j - 22 poisoned darts (quivered)
 y - 2 javelins
Armour
 b - a +0 kite shield (worn)
 A - a +0 robe of positive energy (worn)
Jewellery
 d - an amulet of regeneration (around neck)
 h - an amulet of magic regeneration
Wands
 u - a wand of mindburst (28)
 v - a wand of paralysis (8)
Scrolls
 f - a scroll of vulnerability
 i - a scroll of fog {unknown}
 k - a scroll of immolation {unknown}
 m - a scroll of acquirement {unknown}
 q - a scroll of teleportation
 r - a scroll of amnesia {unknown}
 s - a scroll of enchant armour {unknown}
 t - a scroll of blinking {unknown}
 w - a scroll of magic mapping {unknown}
 x - a scroll of torment {unknown}
 C - a scroll of butterflies {unknown}
Potions
 a - 2 potions of attraction {unknown}
 e - 2 potions of brilliance
 g - 4 potions of flight
 l - a potion of berserk rage
 n - 5 potions of mutation {unknown}
 o - 4 potions of lignification
 z - a potion of invisibility {unknown}
 B - a potion of might
 D - a potion of heal wounds


   Skills:
 + Level 6.0 Fighting
 - Level 2.4 Dodging
 + Level 6.6 Shields
 * Level 9.6 Unarmed Combat


You had 8 spell levels left.
You didn't know any spells.
Your spell library contained the following spells:

 Spells                   Type           Power      Damage    Failure   Level
 Freeze                   Ice            0%         1d3       63%         1
 Ensorcelled Hibernation  Hex/Ice        0%         N/A       77%         2
 Passwall                 Tmut/Erth      0%         N/A       77%         2
 Frozen Ramparts          Ice            0%         1d1       94%         3
 Hailstorm                Conj/Ice       0%         3d3       94%         3
 Swiftness                Air            0%         N/A       94%         3


Dungeon Overview and Level Annotations

Branches:
Dungeon (7/15)             Temple (1/1) D:4           Sewer (visited)

Altars:
Cheibriados
Dithmenos
Elyvilon
Fedhas
Gozag
Hepliaklqana
Kikubaaqudgha
Makhleb
Nemelex Xobeh
Okawaru
Qazlal
Ru
Sif Muna
Trog
Uskayaw
Vehumet
Wu Jian
Xom
Yredelemnul
Zin
The Shining One

Shops:
D:1 *   D:3 *


Innate Abilities, Weirdness & Mutations

You are too large for most types of armour.
You have claws for hands.
Your natural rate of healing is unusually fast.
You are covered in fur. (AC +1)
You have tough skin. (AC +1)


Message History

The killer bee barely misses you.
You barely miss the killer bee.
You feel sick. The killer bee stings you.
* * * LOW HITPOINT WARNING * * *
You are more poisoned.
The killer bee poisons you! The wyvern bites you!
* * * LOW HITPOINT WARNING * * *
You claw the killer bee!
The killer bee is severely wounded.
You feel sick. You block the killer bee's attack. The wyvern bites you.
* * * LOW HITPOINT WARNING * * *
You scratch the killer bee.
The killer bee is almost dead.
You feel sick. The killer bee closely misses you.
You block the wyvern's attack. The killer bee stings you.
* * * LOW HITPOINT WARNING * * *
You are more poisoned.
The killer bee poisons you!
You miss the killer bee.
The killer bee is almost dead.
You feel sick. You block the wyvern's attack.
You block the killer bee's attack.
You barely miss the killer bee.
The killer bee is almost dead.
You feel sick.
The killer bee stings you but does no damage.
The wyvern completely misses you.
You claw the killer bee!
You kill the killer bee!
The Council accepts your kill.
You feel sick.
You are too berserk!
You barely miss the jelly.
You feel sick. The wyvern bites you!
* * * LOW HITPOINT WARNING * * *
You are too berserk!
You are too berserk!
You mangle the jelly!!
You kill the jelly!
The Council accepts your kill.
You feel sick. The wyvern bites you!
You die...

####### .....# ###
#.##.# ####<# #.##.#
.#....###.##.#########
.....................#
.....#...#.#...#.....#
......#.#...#.#(.....#
...#...#.....#..@#...#
....#..#.....#.)#lh..#
.#...###.....###...#....
..#.. ..#...#.. ..#.. ..
...###...#.#..$###....
..# .#...#...#. #.....
.# .#.. ..#. #.... ....


You could see a wyvern and a howler monkey.

Vanquished Creatures
  Sigmund (D:5)
  A wyvern (D:4)
  The ghost of Gorgoleon the Shooter, an amateur HuHu (D:3)
  3 water moccasins
  A sky beast (D:6)
  2 black bears (D:6)
  3 ogres
  A phantom (D:4)
  2 kobold brigands (Sewer)
  A bullfrog (D:6)
  A gnoll sergeant (D:5)
  6 scorpions
  4 killer bees (D:7)
  A hound (D:5)
  An orc priest (D:6)
  4 jellies
  4 iguanas
  A sleepcap (D:5)
  Natasha (twice) (D:2)
  4 orc wizards
  A mummy (D:5)
  6 gnolls
  15 adders
  2 white imps
  2 worms
  5 dart slugs
  16 orcs
  7 endoplasms
  A giant cockroach (D:2)
  11 goblins
  10 hobgoblins
  5 jackals
  9 quokkas
  8 ball pythons
  7 bats
  5 frilled lizards
  8 kobolds
  8 rats
170 creatures vanquished.

Vanquished Creatures (others)
  A scorpion (D:5)
  A hound (D:5)
2 creatures vanquished.

Grand Total: 172 creatures vanquished

Notes
Turn   | Place    | Note
-------+----------+-------------------------------------------
     0 | D:1      | cheesebisquit the Troll Fighter began the quest for the
                  | Orb.
     0 | D:1      | Reached XP level 1. HP: 22/22 MP: 0/0
   216 | D:1      | Reached XP level 2. HP: 29/29 MP: 1/1
   709 | D:1      | Found Yliyhokh's General Store.
   746 | D:1      | Reached XP level 3. HP: 31/36 MP: 2/2
  1065 | D:2      | Reached skill level 3 in Unarmed Combat
  1377 | D:2      | Reached XP level 4. HP: 44/44 MP: 3/3
  1606 | D:2      | Noticed Natasha
  1613 | D:2      | Killed Natasha
  1795 | D:2      | Noticed Natasha
  1797 | D:2      | Killed Natasha
  1864 | D:3      | Reached XP level 5. HP: 48/53 MP: 4/4
  1962 | D:3      | Reached skill level 4 in Unarmed Combat
  2099 | D:3      | Found a runed translucent door.
  2100 | D:3      | Noticed Gorgoleon's ghost (amateur HuHu)
  2240 | D:3      | Found a white marble altar of Elyvilon.
  2269 | D:3      | Found Omyshrai's Assorted Antiques.
  2636 | D:3      | Killed Gorgoleon's ghost
  2637 | D:3      | Reached XP level 6. HP: 42/61 MP: 5/5
  2753 | D:4      | Reached skill level 5 in Unarmed Combat
  2854 | D:4      | Noticed a wyvern
  2865 | D:4      | Killed a wyvern
  2886 | D:4      | Reached XP level 7. HP: 28/70 MP: 6/6
  2940 | D:4      | Found a staircase to the Ecumenical Temple.
  2954 | Temple   | Entered the Ecumenical Temple
  3013 | Temple   | Became a worshipper of the Wu Jian Council
  3168 | D:4      | Found a blossoming altar of Fedhas.
  3182 | D:4      | Reached skill level 6 in Unarmed Combat
  3477 | D:4      | Found a basalt altar of Yredelemnul.
  3482 | D:4      | Found a sacrificial altar of Ru.
  3714 | D:5      | Entered Level 5 of the Dungeon
  3714 | D:5      | Found a shimmering altar of Xom.
  3764 | D:5      | Found a snail-covered altar of Cheibriados.
  3854 | D:5      | Found an ancient bone altar of Kikubaaqudgha.
  3933 | D:5      | Found a glowing drain.
  3946 | D:5      | Reached * piety under Wu Jian
  4026 | D:5      | Reached skill level 5 in Shields
  4026 | D:5      | Reached XP level 8. HP: 79/79 MP: 7/7
  4038 | D:5      | Reached skill level 7 in Unarmed Combat
  4046 | Sewer    | Entered a sewer
  4183 | Sewer    | Found a white marble altar of Elyvilon.
  4238 | D:5      | Found a radiant altar of Vehumet.
  4435 | D:5      | Noticed Sigmund
  4450 | D:5      | Killed Sigmund
  4451 | D:5      | Reached skill level 5 in Fighting
  4451 | D:5      | Reached skill level 8 in Unarmed Combat
  4639 | D:5      | Reached XP level 9. HP: 72/88 MP: 8/8
  4792 | D:6      | Reached ** piety under Wu Jian
  4935 | D:6      | Reached skill level 9 in Unarmed Combat
  5027 | D:6      | Found a bloodstained altar of Trog.
  5537 | D:7      | HP: 3/133 [wyvern (9)]
  5538 | D:7      | Slain by a wyvern

Illustrated notes

Levels and vault maps discovered:
D:1:      ncdulo_halloftheorcs, layout_loops_corners, serial_shops, shop,
          chequers_serial_rivers_small_3, due_unseen_surprise
D:2:      wad_woods_tower, layout_basic, chequers_serial_rivers_micro_e,
          uniq_natasha
D:3:      layout_loops_ring, amcnicky_altar_gilded,
          ebering_ghost_reflecting_pool, serial_shops, shop,
          corexii_hall_statues_deadend
D:4:      layout_loops_cross, fedhas_altar_2, amethyst_overflow_temple_binary,
          minmay_temple_entry_waves, kennysheep_small_spiral
D:5:      layout_rooms, slow_altar_1, lemuel_round_altar, xom_confusion_cloud,
          lemuel_tele_altar, portal_sewer_entry_a, minmay_pentangle,
          uniq_sigmund
D:6:      layout_loops_ring, trog_three_pillars_becter, nicolae_half_adder
D:7:      layout_basic, mainiacjoe_overflow_surrounded_room, chequers_jeans,
          minmay_splitting_lines
Temple:   hellmonk_temple_forest_ring

Skill      XL: |  1  2  3  4  5  6  7  8  9 |
---------------+----------------------------+-----
Shields        | 3 4 5 6 |  6.6
Unarmed Combat | 3 4 5 6 8 9 |  9.6
Fighting       | 3 4 5 6 |  6.0
Dodging        | |  2.4

Action                     |  1- 3 |  4- 6 |  7- 9 || total
---------------------------+-------+-------+-------++-------
  Melee: Unarmed           |    95 |    93 |   286 ||   474
  Throw: Dart              |       |     5 |    22 ||    27
Ability: Lunge             |       |       |    14 ||    14
    Use: Potion            |       |     2 |     7 ||     9
         Scroll            |       |       |    11 ||    11
   Stab: Sleeping          |       |     2 |       ||     2
 Armour: Robe              |    19 |    17 |    36 ||    72
  Dodge: Dodged            |    21 |    25 |    87 ||   133
  Block: Kite shield       |    31 |    25 |   103 ||   159
